 Dungeon Crawl Stone Soup version 0.29-a0-925-g0a7a3d12f8 (webtiles) character file.

Game seed: 2725221704977996474

1025 Araneus the Merchant of Misery (level 8, -2/52 HPs)
             Began as an Octopode Necromancer on July 29, 2022.
             Was a Believer of Kikubaaqudgha.
             Slain by a gnoll
             ... wielding a +0 halberd
              (15 damage)
             ... on level 5 of the Dungeon.
             The game lasted 00:21:54 (4535 turns).

Araneus the Merchant of Misery (OpNe)               Turns: 4535, Time: 00:21:54

Health: -2/52      AC:  1    Str:  8    XL:     8   Next: 23%
Magic:  8/11       EV: 13    Int: 19    God:    Kikubaaqudgha [**....]
Gold:   49         SH:  0    Dex: 12    Spells: 3/11 levels left

rFire   + . .      SeeInvis +   y - +3 quarterstaff (chaos)
rCold   . . .      Faith    .   (shield currently unavailable)
rNeg    + . .      Spirit   .   (helmet restricted)
rPois   .          Reflect  .   j - amulet of regeneration
rElec   .          Harm     .   k - ring of protection from fire
rCorr   +          Rampage  .   q - ring of magical power
Will    .....                   x - ring "Puyfef" {rN+ rCorr MP-9 SInv}
Stlth   ++++......              (no ring)
HPRegen 0.97/turn               (no ring)
MPRegen 0.12/turn               (no ring)
                                (no ring)
                                (no ring)

@: lethally poisoned (-2 -> -11), studying Shields
A: almost no armour, amphibious, 8 rings, camouflage 1, gelatinous body 1,
(nimble swimmer 1), tentacles
a: Renounce Religion, Unearth Wretches


You were on level 5 of the Dungeon.
You worshipped Kikubaaqudgha.
Kikubaaqudgha was pleased with you.
You visited 2 branches of the dungeon, and saw 6 of its levels.
You also visited: Sewer.

You collected 289 gold pieces.
You spent 240 gold pieces at shops.

Inventory:

Hand Weapons
 y - a +3 quarterstaff of chaos (weapon)
Missiles
 h - a throwing net
Jewellery
 j - an amulet of regeneration (around mantle)
 k - a ring of protection from fire (left tentacle)
 q - a ring of magical power (right tentacle)
 x - the ring "Puyfef" (on tentacle) {rN+ rCorr MP-9 SInv}
   (You bought it in a shop on level 4 of the Dungeon)

   [ring of resist corrosion]

   rN:        It protects you from negative energy.
   MP:        It affects your magic capacity (-9).
   SInv:      It lets you see invisible.
   rCorr:     It protects you from acid and corrosion.
 A - a ring of fire
Wands
 c - a wand of flame (24)
 m - a wand of light (2)
 z - a wand of digging (4)
Scrolls
 b - a scroll of brand weapon
 f - 2 scrolls of enchant weapon {unknown}
 i - a scroll of silence {unknown}
 r - a scroll of vulnerability {unknown}
 s - a scroll of amnesia {unknown}
 t - 2 scrolls of torment {unknown}
 u - 2 scrolls of teleportation {unknown}
 v - a scroll of noise {unknown}
 w - a scroll of fear {unknown}
 B - a scroll of blinking
Potions
 a - a potion of magic
 d - 5 potions of curing
 e - a potion of lignification {unknown}
 g - 2 potions of might
 l - 2 potions of heal wounds
 n - a potion of flight
 o - 2 potions of cancellation
 p - a potion of ambrosia


   Skills:
 * Level 3.0 Fighting
 + Level 1.1 Staves
 - Level 2.0 Dodging
 - Level 5.0 Stealth
 - Level 2.0 Spellcasting
 + Level 9.0 Necromancy


You had 3 spell levels left.
You knew the following spells:

 Your Spells              Type           Power      Damage    Failure   Level
a - Necrotise             Necr           100%       1d9       1%          1
b - Vampiric Draining     Necr           36%        2d8       1%          3
c - Animate Dead          Necr           36%        N/A       4%          4

Your spell library contained the following spells:

 Spells                   Type           Power      Damage    Failure   Level
 Sublimation of Blood     Necr           36%        N/A       1%          2
 Agony                    Necr           36%        N/A       12%         5
 Anguish                  Hex/Necr       9%         N/A       26%         4


Dungeon Overview and Level Annotations

Branches:
Dungeon (5/15)             Temple (1/1) D:4           Sewer (visited)

Altars:
Ashenzari
Dithmenos
Elyvilon
Fedhas
Hepliaklqana
Kikubaaqudgha
Makhleb
Nemelex Xobeh
Okawaru
Qazlal
Sif Muna
Trog
Uskayaw
Vehumet
Wu Jian
Xom
Yredelemnul
Zin

Shops:
D:4 =


Innate Abilities, Weirdness & Mutations

You cannot wear most types of armour.
You are amphibious.
You can wear up to eight rings at the same time.
Your skin changes colour to match your surroundings (Stealth+).
Your rubbery body absorbs attacks. (AC +1, EV +1)
((You are camouflaged when in or above water. (Stealth+)))
You have tentacles for arms and can constrict up to eight enemies at once.


Message History

You feel very sick.
The gnoll hits you from afar with a +0 halberd.
The gnoll completely misses you. The gnoll attacks as you move away!
The gnoll barely misses you.
You feel sick.
You feel sick.
You kill the gnoll!
Kikubaaqudgha accepts your kill.
Casting: Necrotise (safe; 1% risk of failure)
Confirm with . or Enter, or press ? or * to list all spells.
Aiming: Necrotise (safe; 1% risk of failure)
Press: ? - help, Shift-Dir - straight line, f - gnoll
Aim: a gnoll, wielding a +0 whip of venom (chance to affect: 88%)
The gnoll writhes in agony.
You feel sick.
The gnoll hits you with a +0 whip of venom.
You are more poisoned.
The gnoll barely misses you.
Unknown command.
Casting: Necrotise (safe; 1% risk of failure)
Confirm with . or Enter, or press ? or * to list all spells.
Aiming: Necrotise (safe; 1% risk of failure)
Press: ? - help, Shift-Dir - straight line, f/p - gnoll
Aim: a gnoll, wielding a +0 whip of venom (heavily wounded, chance to affect: 88%)
The gnoll barely resists.
You feel very sick.
The gnoll hits you with a +0 whip of venom.
You are more poisoned.
The gnoll misses you.
Casting: Necrotise (safe; 1% risk of failure)
Confirm with . or Enter, or press ? or * to list all spells.
Aiming: Necrotise (safe; 1% risk of failure)
Press: ? - help, Shift-Dir - straight line, f/p - gnoll
Aim: a gnoll, wielding a +0 whip of venom (heavily wounded, chance to affect: 88%)
The gnoll writhes in agony!
You kill the gnoll!
Kikubaaqudgha accepts your kill.
* * * LOW HITPOINT WARNING * * *
You feel very sick.
The gnoll hits you from afar with a +0 halberd!
You die...
Kikubaaqudgha rasps: "You have failed me!
Welcome... death!"

##.## #.# #.# #.# #.#
#####.#### ##+#*
#........# *#...#*
#.###.##.# **....[#*#.#
#.##.# #
**,......##.###.##.###
####,,.......#.##.......#
...+,,......)'g)@.....#.#
####,,.......#g##...#.#.#
# **,...>..##.##.....#.#
**.....#*#........#.#
*#...#* ####.##.##.#
****##+#* #.##.##.#
*,,,,,,* #.##.##.#
*,****,* #.......#
***,****,** ####.####


You could see 2 gnolls.

Vanquished Creatures
  An ice beast (D:5)
  A bullfrog (Sewer)
  2 scorpions
  A howler monkey (D:4)
  Crazy Yiuf (D:4)
  An orc priest (D:5)
  Jessica (D:2)
  A gnoll bouda (D:4)
  An iguana (D:5)
  Natasha (thrice) (D:3)
  An orc wizard (D:5)
  7 gnolls
  5 adders
  2 river rats (D:5)
  2 ufetubi (D:5)
  2 worms
  A dart slug (D:4)
  9 orcs
  5 bats
  3 endoplasms
  9 giant cockroaches
  6 goblins
  2 hobgoblins (D:2)
  8 quokkas
  7 ball pythons
  8 frilled lizards (Sewer)
  6 kobolds
  5 rats
101 creatures vanquished.

Vanquished Creatures (collateral kills)
  Eustachio (D:4)
  A hound (D:4)
  An iguana (D:4)
  2 gnolls (D:4)
  An adder (D:4)
  A dart slug (D:4)
  An orc (D:3)
  A ball python (Sewer)
  A giant cockroach (Sewer)
  A hobgoblin (D:4)
  A frilled lizard (Sewer)
  A rat (D:1)
13 creatures vanquished.

Vanquished Creatures (others)
  A worm zombie (D:4)
  A hobgoblin zombie (D:4)
  2 orc zombies
4 creatures vanquished.

Grand Total: 118 creatures vanquished

Notes
Turn   | Place    | Note
-------+----------+-------------------------------------------
     0 | D:1      | Araneus the Octopode Necromancer began the quest for the
                  | Orb.
     0 | D:1      | Reached XP level 1. HP: 11/11 MP: 3/3
   470 | D:1      | Found a faded altar of an unknown god.
   527 | D:1      | Reached XP level 2. HP: 17/17 MP: 5/5
   811 | D:2      | Reached XP level 3. HP: 6/21 MP: 1/6
   967 | D:2      | Reached skill level 5 in Necromancy
  1159 | D:2      | Noticed Jessica
  1167 | D:2      | Killed Jessica
  1168 | D:2      | Reached XP level 4. HP: 27/27 MP: 5/7
  1919 | D:3      | Found a radiant altar of Vehumet.
  1925 | D:3      | Noticed Natasha
  1932 | D:3      | Killed Natasha
  1933 | D:3      | Reached XP level 5. HP: 25/32 MP: 6/8
  2122 | D:3      | Noticed Natasha
  2142 | D:3      | Killed Natasha
  2221 | D:3      | Learned a level 3 spell: Vampiric Draining
  2226 | D:3      | Learned a level 4 spell: Animate Dead
  2563 | D:3      | Noticed Natasha
  2584 | D:3      | Killed Natasha
  2675 | D:4      | Reached skill level 1 in Fighting
  2687 | D:4      | Reached skill level 6 in Necromancy
  2695 | D:4      | Reached skill level 5 in Stealth
  2719 | D:4      | Reached XP level 6. HP: 38/38 MP: 9/9
  2954 | D:4      | Noticed Eustachio
  2968 | D:4      | Killed Eustachio
  2969 | D:4      | Reached skill level 7 in Necromancy
  2969 | D:4      | Reached XP level 7. HP: 28/44 MP: 0/10
  3105 | D:4      | Found a staircase to the Ecumenical Temple.
  3117 | Temple   | Entered the Ecumenical Temple
  3148 | Temple   | Became a worshipper of Kikubaaqudgha
  3321 | D:4      | Found Gare Ustrer's Jewellery Shop.
  3792 | D:4      | Found a runed translucent door.
  3799 | D:4      | Noticed Crazy Yiuf
  3827 | D:4      | Bought the ring "Puyfef" {rN+ rCorr MP-9 SInv} for 240 gold
                  | pieces
  3860 | D:4      | Killed Crazy Yiuf
  3861 | D:4      | Reached skill level 8 in Necromancy
  3916 | D:5      | Entered Level 5 of the Dungeon
  4033 | D:5      | Reached XP level 8. HP: 30/51 MP: 7/11
  4147 | D:5      | Found a glowing drain.
  4178 | D:5      | Reached * piety under Kikubaaqudgha
  4178 | D:5      | Received a gift from Kikubaaqudgha
  4190 | Sewer    | Entered a sewer
  4344 | Sewer    | Reached ** piety under Kikubaaqudgha
  4349 | Sewer    | Reached skill level 1 in Staves
  4349 | Sewer    | Reached skill level 9 in Necromancy
  4528 | D:5      | HP: 1/52 [gnoll/+0 halberd (9)]
  4535 | D:5      | Slain by a gnoll

Illustrated notes

Levels and vault maps discovered:
D:1:      minmay_arrival_diagonal_passages, layout_rooms,
          nicolae_ecumenical_lake_church
D:2:      layout_loops_ring, uniq_jessica
D:3:      layout_basic, fiery_altar_vehumet, uniq_natasha
D:4:      layout_gridville, minmay_temple_entry_glassed_door, serial_shops,
          nicolae_shop_waterfront, minmay_circle_x, uniq_eustachio,
          uniq_crazy_yiuf_cottage
D:5:      layout_loops_corners, amethyst_overflow_temple_binary,
          cheibrodos_sewer_entry_sluice, minmay_manual_monolith, uniq_sigmund
Temple:   nicolae_temple_bog_church

Skill      XL: |  1  2  3  4  5  6  7  8 |
---------------+-------------------------+-----
Stealth        | 3 4 5 |  5.0
Necromancy     | 5 6 7 8 9 |  9.0
Fighting       | 1 2 3 |  3.0
Staves         | 1 |  1.1
Dodging        | |  2.0
Spellcasting   | |  2.0

Action                   |  1- 3 |  4- 6 |  7- 9 || total
-------------------------+-------+-------+-------++-------
Melee: Dagger            |    40 |    36 |    13 ||    89
       Constrict         |    17 |     7 |    17 ||    41
       Tentacles         |     8 |     8 |    12 ||    28
       Unarmed           |     2 |       |       ||     2
       Quarterstaff      |       |       |    64 ||    64
       Punch             |       |       |     1 ||     1
 Cast: Necrotise         |    15 |    42 |    57 ||   114
       Vampiric Draining |       |     7 |       ||     7
       Animate Dead      |       |     1 |     3 ||     4
  Use: Scroll            |       |       |     8 ||     8
       Potion            |       |       |     3 ||     3
 Stab: Sleeping          |     6 |     3 |    11 ||    20
Armor: Skin              |     4 |     1 |     3 ||     8
Dodge: Dodged            |    34 |    29 |   116 ||   179

Table legend: (Time is in decaauts)
 A = Elapsed time spent in this place.
 B = Non-inter-level travel time spent in this place.
 C = Inter-level travel time spent in this place.
 D = Time resting spent in this place.
 E = Time spent auto-exploring this place.
 F = Levels seen in this place.
 G = Mean time per level.
                   A        B        C        D        E       F      G
               +--------+--------+--------+--------+--------+-----+--------+
         Total |   4562 |   4430 |    132 |     41 |   2958 |   7 |  651.7 |
       Dungeon |   4181 |   4057 |    124 |     41 |   2767 |   5 |  836.2 |
        Temple |    127 |    119 |      8 |      0 |     96 |   1 |  127.0 |
         Sewer |    253 |    253 |      0 |      0 |     95 |   1 |  253.0 |
               +--------+--------+--------+--------+--------+-----+--------+

Top non-repeatable levels by time:
     D:4: 1178 daAuts
     D:3: 1131 daAuts
     D:2: 864 daAuts
     D:1: 624 daAuts
     D:5: 381 daAuts
   Sewer: 253 daAuts
  Temple: 127 daAuts
